 Dungeon Crawl Stone Soup version 0.31.0-32-g396128a36d (webtiles) character file.

Game seed: 14807506256808263491

9845 mainiacjoe the Covert (level 11, -4/64 HPs)
             Began as a Kobold Conjurer on Mar 17, 2024.
             Was a Priest of Dithmenos.
             Slain by a black mamba (12 damage)
             ... on level 1 of the Lair of Beasts.
             The game lasted 00:47:16 (14768 turns).

mainiacjoe the Covert (Kobold Conjurer)            Turns: 14768, Time: 00:47:16

Health: -4/64      AC: 12    Str:  5    XL:     11   Next: 82%
Magic:  2/18       EV: 16    Int: 30    God:    Dithmenos [***...]
Gold:   668        SH:  5    Dex: 13    Spells: 3/20 levels left

rFire   + . .        b - +4 falchion
rCold   + . .        B - +0 buckler
rNeg    . . .        i - +2 robe {rC+ rF+} {Sigmund}
rPois   .            o - +2 hat
rElec   .            (no cloak)
rCorr   .            l - +2 pair of gloves
SInv    .            E - +2 pair of boots
Will    .....        x - amulet of magic regeneration
Stlth   +++++++      f - +6 ring of intelligence
HPRegen 0.30/turn    d - ring of wizardry
MPRegen 0.56/turn

%: wizardry (x1)
@: lethally poisoned (-4 -> -20), wreathed by umbra
A: small, no large weapons, nightstalker 3
a: Renounce Religion, Shadow Step


You were on level 1 of the Lair of Beasts.
You worshipped Dithmenos.
Dithmenos was most pleased with you.
You visited 3 branches of the dungeon, and saw 12 of its levels.
You also visited: Ossuary.

You collected 668 gold pieces.

Inventory:

Hand Weapons
 a - a +1 dagger
 b - a +4 falchion (weapon)
 w - a +0 rapier
 N - a +2 heavy sling
Missiles
 h - 71 stones
 p - 13 poisoned darts
 A - 3 boomerangs
Armour
 i - a +2 robe of resistance (worn) {Sigmund}
 l - a +2 pair of gloves (worn)
 o - a +2 hat (worn)
 B - a +0 buckler (worn)
 E - a +2 pair of boots (worn)
 I - +0 steam dragon scales
 K - a +2 robe of willpower
 R - an orb of wrath
Magical Staves
 u - a staff of earth
Jewellery
 d - a ring of wizardry (right hand)
 f - a +6 ring of intelligence (left hand)
 j - a ring of resist corrosion
 x - an amulet of magic regeneration (around neck)
 y - a ring of wizardry
 G - a +4 ring of slaying
 M - a ring of willpower
 O - a ring of protection from cold
Wands
 r - a wand of polymorph (4)
 z - a wand of iceblast (12)
 D - a wand of flame (25)
Scrolls
 t - 5 scrolls of teleportation
 C - 3 scrolls of enchant armour
 H - 2 scrolls of revelation
 L - 3 scrolls of blinking
 Q - a scroll of butterflies
 S - a scroll of immolation
 T - a scroll of fog
Potions
 c - 4 potions of haste
 e - a potion of invisibility
 g - 2 potions of brilliance
 k - a potion of cancellation
 m - 5 potions of heal wounds
 n - a potion of mutation
 q - 2 potions of might
 s - 3 potions of curing
 v - 2 potions of enlightenment
 P - 3 potions of berserk rage
Miscellaneous
 J - a sack of spiders


   Skills:
 - Level 6.0 Fighting
 - Level 10.0 Short Blades
 - Level 6.0 Dodging
 - Level 10.0 Stealth
 - Level 6.0 Shields
 - Level 5.0 Spellcasting
 - Level 8.0 Conjurations
 - Level 2.0 Translocations
 - Level 1.0 Air Magic
 + Level 2.6 Earth Magic
 - Level 5.0 Alchemy


You had 3 spell levels left.
You knew the following spells:

 Your Spells              Type           Power      Damage    Failure   Level
a - Petrify               Alch/Erth      30%        N/A       9%          4
b - Searing Ray           Conj           100%       2d8       1%          2
c - Iskenderun's Mystic   Conj/Tloc      37%        2d9       4%          4
d - Fulminant Prism       Conj/Alch      23%        3d12      2%          4
z - Mephitic Cloud        Conj/Alch/Air  35%        N/A       1%          3

Your spell library contained the following spells:

 Spells                   Type           Power      Damage    Failure   Level
 Magic Dart               Conj           100%       1d8       1%          1
 Shock                    Conj/Air       100%       1d9       1%          1
 Cigotuvi's Dreadful Rot  Necr/Alch/Air  38%        N/A       2%          2
 Hailstorm                Conj/Ice       31%        3d8       2%          3
 Gell's Gravitas          Tloc           19%        N/A       4%          3
 Teleport Other           Tloc           19%        N/A       4%          3
 Ensorcelled Hibernation  Hex/Ice        14%        N/A       6%          2
 Scorch                   Fire           14%        2d5       6%          2
 Frozen Ramparts          Ice            14%        1d3       12%         3
 Fugue of the Fallen      Necr           7%         N/A       12%         3
 Summon Ice Beast         Ice/Summ       7%         N/A       12%         3
 Flame Wave               Conj/Fire      31%        2d9       8%          4
 Leda's Liquefaction      Alch/Erth      15%        N/A       9%          4
 Lee's Rapid Deconstruct  Erth           11%        3d8*      32%         5
 Anguish                  Hex/Necr       3%         N/A       34%         4
 Bombard                  Conj/Erth      19%        9d4       52%         6
 Metabolic Englaciation   Hex/Ice        3%         N/A       67%         5
 Sculpt Simulacrum        Ice/Alch       11%        N/A       87%         6
 Dispersal                Tloc           9%         N/A       91%         6
 Plasma Beam              Fire/Air       5%         2x1d15    98%         6
 Summon Cactus Giant      Summ           3%         N/A       99%         6
 Maxwell's Capacitive Co  Air            6%         ∞         100%        8


Dungeon Overview and Level Annotations

Branches:
Dungeon (10/15)            Temple (1/1) D:5            Lair (1/5) D:9
Ossuary (visited)
    Orc: D:9-12

Altars:
Ashenzari
Cheibriados
Dithmenos
Elyvilon
Fedhas
Gozag
Hepliaklqana
Kikubaaqudgha
Makhleb
Nemelex Xobeh
Okawaru
Qazlal
Ru
Sif Muna
Trog
Uskayaw
Vehumet
Wu Jian
Xom
Yredelemnul
Zin
The Shining One


Innate Abilities, Weirdness & Mutations

You are small and have problems with some larger weapons.
You are completely attuned to the shadows.


Message History

b - a +4 falchion (weapon)
You slash the black mamba!
The black mamba is moderately wounded.
You hear the slow rumble of an avalanche of rocks very nearby.
The black mamba misses you. The black mamba bites you.
You are poisoned.
The black mamba poisons you!
You hit the black mamba.
The black mamba is heavily wounded.
You feel extremely sick. The black mamba bites you!
You are lethally poisoned!
The black mamba poisons you!
The black mamba bites you but does no damage.
Your magical contamination has completely faded away.
Casting: Iskenderun's Mystic Blast (dangerous; 4% risk of failure)
Confirm with . or Enter, or press ? or * to list all spells.
Aiming: Searing Ray (safe; 1% risk of failure)
Press: ? - help, Shift-Dir - straight line, f/p - black mamba
Aim: a black mamba (heavily wounded, umbra, 72% to hit)
The searing ray hits the black mamba!
The black mamba is severely wounded. (Press . to maintain the ray.)
You feel extremely sick. The black mamba barely misses you.
The searing ray hits the black mamba.
The black mamba is severely wounded.
You feel extremely sick. You block the black mamba's attack.
The black mamba barely misses you.
Without enough magic to sustain it, your searing ray dissipates.
* * * LOW HITPOINT WARNING * * *
You feel very sick. You block the black mamba's attack.
The black mamba bites you but does no damage.
* * * LOW HITPOINT WARNING * * *
You feel very sick. The black mamba bites you.
* * * LOW HITPOINT WARNING * * *
The black mamba bites you!
You die...

,,,,,,,,**∩** ####.#
,,,,,,,**,,,* ##.##
,***,,,,*,,,* #...#
,***,,*,,,,** ##.##
,,***,,,,,,* #.#
,,***,,***** ##.#
*,,****** #..#
,,,,,,,,****######.#
******,,,,,,...S@..#
*******########


You could see a black mamba.

Vanquished Creatures
  The ghost of spaghetti the Slicer, a novice GnCK of Xom (D:10)
  2 komodo dragons (D:9)
  A troll (D:9)
  A hornet (D:9)
  Sigmund (D:2)
  A shadow (D:9)
  A vampire (D:10)
  A wyvern (D:9)
  22 yaks
  2 wraiths
  2 steam dragons
  An acid dragon (D:9)
  2 water moccasins
  2 black bears
  An orc warrior (D:6)
  6 centaurs
  An ogre (D:4)
  2 phantoms
  A kobold brigand (D:8)
  4 bullfrogs
  4 scorpions
  12 wights
  11 killer bees
  A howler monkey (D:6)
  A hound (D:4)
  4 centaur zombies (Ossuary)
  2 orc priests
  A sleepcap (D:5)
  A jelly (D:7)
  A gnoll bouda (D:9)
  5 iguanas
  5 orc wizards
  4 hound skeletons (D:4)
  5 hound zombies
  9 adders
  5 gnolls
  A shadow imp (D:5)
  A white imp (D:7)
  9 adder zombies
  2 dart slugs
  3 ribbon worms
  26 orcs
  4 ball pythons
  6 endoplasms
  3 giant cockroaches
  3 gnoll zombies (Ossuary)
  9 goblins
  8 hobgoblins
  5 quokkas
  5 bats
  3 frilled lizards
  8 jackal zombies (Ossuary)
  15 kobolds
  3 kobold zombies (Ossuary)
  2 orc zombies (Ossuary)
  6 rats
248 creatures vanquished.

Vanquished Creatures (others)
  A bombardier beetle (D:7)
  10 fulminant prisms
11 creatures vanquished.

Grand Total: 259 creatures vanquished

Notes
Turn   | Place    | Note
-------+----------+-------------------------------------------
     0 | D:1      | mainiacjoe the Kobold Conjurer began the quest for the Orb.
     0 | D:1      | Reached XP level 1. HP: 10/10 MP: 3/3
    92 | D:1      | Reached XP level 2. HP: 12/16 MP: 0/5
    95 | D:1      | Learned a level 2 spell: Searing Ray
   208 | D:1      | Reached skill level 1 in Fighting
   561 | D:1      | Reached XP level 3. HP: 16/20 MP: 0/6
  1699 | D:2      | Reached XP level 4. HP: 26/26 MP: 5/8
  1902 | D:2      | Noticed Sigmund
  1913 | D:2      | Killed Sigmund
  1914 | D:2      | Reached XP level 5. HP: 15/33 MP: 4/9
  1914 | D:2      | Reached XP level 6. HP: 17/38 MP: 4/10
  2729 | D:3      | Found a shadowy altar of Dithmenos.
  2918 | D:3      | Learned a level 4 spell: Iskenderun's Mystic Blast
  2923 | D:3      | Learned a level 4 spell: Fulminant Prism
  3327 | D:3      | Found a stormy altar of Qazlal.
  3531 | D:4      | Noticed a moth of wrath
  3534 | D:4      | Found a bloodstained altar of Trog.
  3575 | D:4      | Found a burning altar of Makhleb.
  3607 | D:4      | Reached skill level 1 in Translocations
  3607 | D:4      | Reached skill level 1 in Alchemy
  3663 | D:4      | Reached XP level 7. HP: 42/42 MP: 12/12
  3702 | D:4      | Found a sand-covered staircase.
  3729 | Ossuary  | Entered an ossuary
  3931 | Ossuary  | Reached skill level 5 in Conjurations
  5212 | D:4      | Reached XP level 8. HP: 45/48 MP: 2/13
  6475 | D:5      | Entered Level 5 of the Dungeon
  6964 | D:5      | Found a staircase to the Ecumenical Temple.
  6972 | Temple   | Entered the Ecumenical Temple
  7055 | D:5      | Reached skill level 5 in Stealth
  7101 | D:5      | Got the Compendium of the Sky
  7106 | D:5      | Learned a level 3 spell: Mephitic Cloud
  7502 | D:5      | Found a basalt altar of Yredelemnul.
  7742 | D:3      | Became a worshipper of Dithmenos the Shadowed
  8105 | D:6      | Reached skill level 1 in Shields
  8105 | D:6      | Reached XP level 9. HP: 52/52 MP: 8/14
  8331 | D:6      | Found an opulent altar of Gozag.
  8950 | D:6      | Reached skill level 5 in Dodging
  9490 | D:6      | Reached skill level 5 in Fighting
  9506 | D:6      | Reached skill level 1 in Short Blades
 10079 | D:7      | Reached * piety under Dithmenos
 10413 | D:7      | Found a hazy altar of Hepliaklqana.
 11035 | D:8      | Found an ornate altar of the Wu Jian Council.
 11291 | D:8      | Found a sparkling altar of Nemelex Xobeh.
 11315 | D:8      | Reached XP level 10. HP: 56/60 MP: 10/17
 11839 | D:8      | Reached skill level 5 in Short Blades
 11839 | D:8      | Reached skill level 5 in Spellcasting
 11844 | D:8      | Learned a level 4 spell: Petrify
 12099 | D:9      | Reached skill level 1 in Earth Magic
 12389 | D:9      | Reached ** piety under Dithmenos
 12578 | D:9      | Reached skill level 5 in Shields
 12578 | D:9      | Reached skill level 1 in Air Magic
 12798 | D:9      | Found a radiant altar of Vehumet.
 12877 | D:9      | Reached XP level 11. HP: 44/64 MP: 12/18
 12979 | D:9      | Reached skill level 5 in Alchemy
 12997 | D:9      | Found a snail-covered altar of Cheibriados.
 13190 | D:9      | Found a staircase to the Lair.
 13421 | D:10     | Entered Level 10 of the Dungeon
 13912 | D:10     | Reached *** piety under Dithmenos
 13974 | D:10     | Found a large runed translucent door.
 13975 | D:10     | Found a large runed translucent door.
 14500 | D:10     | Noticed spaghetti's ghost (novice GnCK)
 14508 | D:10     | Killed spaghetti's ghost
 14509 | D:10     | Reached skill level 10 in Stealth
 14605 | D:9      | Reached skill level 10 in Short Blades
 14610 | Lair:1   | Entered Level 1 of the Lair of Beasts
 14768 | Lair:1   | Slain by a black mamba

Illustrated notes

Levels and vault maps discovered:
D:1:      dpeg_arrival_simpleton_c, layout_rooms
D:2:      layout_basic, uniq_sigmund
D:3:      layout_loops_ring, mainiacjoe_overflow_alcove_4,
          mainiacjoe_overflow_tiny_flanked, kennysheep_pointless_box,
          minmay_starry_boxes
D:4:      minmay_thinvault, layout_cave_pools, makhleb_heckhound_becter,
          tgw_trog, mainiacjoe_ossuary_entry_find_the_door
D:5:      kennysheep_spiral_hall, layout_basic, kennysheep_little_box,
          minmay_temple_entry_gardened_gates
D:6:      layout_layer_cave, nicolae_gozag_cash_rules_everything_around_me
D:7:      layout_loops_ring, mainiacjoe_overflow_concentric_impassable,
          grunt_ministairs_9, lemuel_flamethrower_2
D:8:      layout_loops_ring, nemelex_xobeh_ov_fountains_minmay,
          nicolae_wu_jian_wuxing_cycle, kennysheep_generic_room_8
D:9:      layout_roguey, mainiacjoe_overflow_catch_the_wave,
          grunt_lair_entry_orc_guard_hut, minmay_misc_feat_hallway,
          evilmike_minifort
D:10:     layout_long_grid, ebering_ghost_disaster_area,
          nicolae_concentric_dashed_squares_wild
Temple:   nicolae_temple_bog_church
Lair:1:   layout_loops_ring, nicolae_volcano_entry_s_turn, special_room
          [special_room_bee]

Skill      XL: |  1  2  3  4  5  6  7  8  9 10 11 |
---------------+----------------------------------+-----
Fighting       | 1 2 3 4 5 6 |  6.0
Stealth        | 3 4 5 6 10 | 10.0
Dodging        | 3 4 5 6 |  6.0
Spellcasting   | 3 4 5 |  5.0
Translocations | 1 2 |  2.0
Alchemy        | 1 2 4 5 |  5.0
Conjurations   | 7 8 |  8.0
Shields        | 1 3 5 6 |  6.0
Short Blades   | 4 6 10 | 10.0
Earth Magic    | 2 |  2.6
Air Magic      | 1 |  1.0

Action                     |  1- 3 |  4- 6 |  7- 9 | 10-12 || total
---------------------------+-------+-------+-------+-------++-------
  Melee: Club              |     3 |       |       |       ||     3
         Whip              |     2 |       |       |       ||     2
         Dagger            |     8 |       |       |   149 ||   157
         Short sword       |       |    52 |   188 |    30 ||   270
         Punch             |       |       |     2 |       ||     2
         Falchion          |       |       |       |     2 ||     2
   Cast: Magic Dart        |    32 |     4 |     6 |       ||    42
         Searing Ray       |    10 |    16 |    84 |    24 ||   134
         Iskenderun's Myst |       |       |    15 |    25 ||    40
         Fulminant Prism   |       |       |     6 |     4 ||    10
         Mephitic Cloud    |       |       |     8 |     5 ||    13
         Petrify           |       |       |       |    29 ||    29
    Use: Scroll            |     5 |     7 |    12 |     3 ||    27
         Potion            |       |     1 |       |       ||     1
   Stab: Sleeping          |     2 |     5 |     4 |     9 ||    20
         Confused          |       |       |     5 |     1 ||     6
         Petrified         |       |       |       |    41 ||    41
         Petrifying        |       |       |       |     8 ||     8
         Distracted        |       |       |       |     1 ||     1
 Armour: Robe              |     8 |    28 |   130 |    73 ||   239
  Dodge: Dodged            |    14 |    48 |   273 |   119 ||   454
  Block: Buckler           |       |       |    22 |    40 ||    62
